 Dungeon Crawl Stone Soup version 0.27-a0-1529-g1e82c303ef (webtiles) character file.

Game seed: 2355321442457691955

18749 MirrMurr the Blocker (level 12, -2/97 HPs)
             Began as a Gnoll Fighter on July 11, 2021.
             Was a High Priest of Okawaru.
             Slain by a boulder beetle (9 damage)
             ... on level 1 of the Lair of Beasts on July 12, 2021.
             The game lasted 00:32:14 (17931 turns).

MirrMurr the Blocker (Gnoll Fighter)               Turns: 17931, Time: 00:32:15

Health: -2/97      AC: 34    Str: 17    XL:     12   Next: 61%
Magic:  22/23      EV: 11    Int: 21    God:    Okawaru [*****.]
Gold:   651        SH: 13    Dex: 11    Spells: 22/25 levels left

rFire    . . .     SeeInvis .   a - +4 trident (protect)
rCold    . . .     Faith    .   c - +0 kite shield
rNeg     . . .     Spirit   .   z - +1 chain mail {rPois}
rPois    +         Reflect  .   P - +0 helmet of Delicate Music {Contam Will++ Int+9}
rElec    .         Harm     .   (no cloak)
rCorr    +         Rampage  .   i - +2 pair of gloves
Will     ++...                  k - +2 pair of boots
Stlth    ++........             (no amulet)
HPRegen  0.26/turn              A - ring of resist corrosion
MPRegen  0.18/turn              E - +4 ring of protection

@: heroic, under a protective aura
A: fangs 1, strong nose, distributed training
a: Renounce Religion, Heroism, Finesse


You were on level 1 of the Lair of Beasts.
You worshipped Okawaru.
Okawaru was extremely pleased with you.
You visited 3 branches of the dungeon, and saw 14 of its levels.

You collected 651 gold pieces.

Inventory:

Hand Weapons
 a - a +4 trident of protection (weapon)
 b - a +0 hunting sling
Missiles
 f - 127 sling bullets
 g - 4 boomerangs (quivered)
 m - 388 stones
 u - 44 poisoned darts
 x - 10 curare-tipped darts
Armour
 c - a +0 kite shield (worn)
 i - a +2 pair of gloves (worn)
 k - a +2 pair of boots (worn)
 z - a +1 chain mail of poison resistance (worn)
 P - the +0 helmet of Delicate Music (worn) {Contam Will++ Int+9}
   (Okawaru gifted it to you on level 11 of the Dungeon)

   Int:       It affects your intelligence (+9).
   Contam:    It causes magical contamination when unequipped.
   Will:      It greatly increases your willpower.
Jewellery
 e - the ring "Madwiu" {rElec rC+ Str-5 Dex+6}
   (You acquired it on level 4 of the Dungeon)

   [ring of protection from cold]

   Str:       It affects your strength (-5).
   Dex:       It affects your dexterity (+6).
   rC:        It protects you from cold.
   rElec:     It insulates you from electricity.
 o - a ring of positive energy
 A - a ring of resist corrosion (left hand)
 E - a +4 ring of protection (right hand)
 H - a ring of wizardry
 Q - a +6 ring of dexterity
 T - a ring of flight
Wands
 p - a wand of flame (57)
 v - a wand of digging (1)
 B - a wand of paralysis (8)
 C - a wand of iceblast (7)
 F - a wand of charming (9)
 J - a wand of acid (9)
 M - a wand of polymorph (6)
 R - a wand of mindburst (27)
Scrolls
 l - a scroll of fog
 n - 3 scrolls of blinking
 s - 2 scrolls of fear
 y - 3 scrolls of teleportation
 O - 3 scrolls of enchant armour
 U - a scroll of identify
Potions
 d - 2 potions of magic
 h - a potion of invisibility
 j - 3 potions of lignification
 q - 4 potions of mutation
 r - 4 potions of curing
 t - 3 potions of haste
 w - a potion of brilliance
 D - 3 potions of cancellation
 G - 2 potions of flight
 I - 2 potions of might
 K - a potion of attraction {unknown}
 L - a potion of ambrosia {unknown}
 N - a potion of resistance {unknown}
 S - a potion of berserk rage {unknown}


   Skills:
 + Level 9.9(14.9) Fighting
 + Level 7.4(12.4) Short Blades
 + Level 7.4(12.4) Long Blades
 + Level 7.4(12.4) Axes
 + Level 7.4(12.4) Maces & Flails
 + Level 8.8(13.8) Polearms
 + Level 7.4(12.4) Staves
 + Level 7.4(12.4) Slings
 + Level 7.4(12.4) Bows
 + Level 7.4(12.4) Crossbows
 + Level 7.4(12.4) Throwing
 + Level 9.9(14.9) Armour
 + Level 7.4(12.4) Dodging
 + Level 7.4(12.4) Stealth
 + Level 9.9(14.9) Shields
 + Level 7.4(12.4) Unarmed Combat
 + Level 7.4 Spellcasting
 + Level 6.2 Conjurations
 + Level 6.2 Hexes
 + Level 6.2 Summonings
 + Level 6.2 Necromancy
 + Level 6.2 Translocations
 + Level 6.2 Transmutations
 + Level 6.2 Fire Magic
 + Level 6.2 Ice Magic
 + Level 6.2 Air Magic
 + Level 6.2 Earth Magic
 + Level 6.2 Poison Magic
 + Level 8.2 Invocations
 + Level 7.4 Evocations


You had 22 spell levels left.
You knew the following spells:

 Your Spells              Type           Power      Damage    Failure   Level
a - Animate Skeleton      Necr           66%        N/A       4%          1
B - Blink                 Tloc           N/A        N/A       7%          2

Your spell library contained the following spells:

 Spells                   Type           Power      Damage    Failure   Level
 Pain                     Necr           100%       1d9       4%          1
 Call Canine Familiar     Summ           33%        N/A       14%         3
 Gell's Gravitas          Tloc           16%        N/A       14%         3
 Lesser Beckoning         Tloc           16%        N/A       14%         3
 Summon Guardian Golem    Hex/Summ       33%        N/A       14%         3
 Teleport Other           Tloc           33%        N/A       14%         3
 Vampiric Draining        Necr           16%        2d8       14%         3
 Manifold Assault         Tloc           33%        N/A       77%         5
 Malign Gateway           Summ/Tloc      16%        N/A       100%        7
 Orb of Destruction       Conj           16%        9d8       100%        7
 Spellforged Servitor     Conj/Summ      16%        N/A       100%        7
 Storm Form               Tmut/Air       16%        N/A       100%        7


Dungeon Overview and Level Annotations

Branches:
Dungeon (11/15)            Temple (1/1) D:5            Lair (2/6) D:10
  Swamp: Lair:2-4    Shoals: Lair:2-4     Snake: Lair:2-4    Spider: Lair:2-4
    Orc: D:9-12

Altars:
Ashenzari
Cheibriados
Dithmenos
Elyvilon
Fedhas
Gozag
Hepliaklqana
Kikubaaqudgha
Makhleb
Nemelex Xobeh
Okawaru
Qazlal
Ru
Sif Muna
Trog
Uskayaw
Vehumet
Wu Jian
Xom
Yredelemnul
Zin
The Shining One

Shops:
D:1 (   D:6 =

Annotations:
D:2 dig
D:4 1 runed translucent door, fly's ghost, weakling HuDe
D:6 3 runed translucent doors, mora's ghost, novice OpBr
D:8 1 runed translucent door, PentaManta's ghost, novice MfTm


Innate Abilities, Weirdness & Mutations

You have very sharp teeth.
Your uncanny sense of smell can sniff out nearby items.
Your experience applies equally to all skills.


Message History

You hit the boulder beetle but do no damage.
Your weapon exudes an aura of protection.
The boulder beetle is lightly wounded.
You hit the boulder beetle.
The boulder beetle is lightly wounded.
The boulder beetle hits you!!!
* * * LOW HITPOINT WARNING * * *
The boulder beetle stops rolling and uncurls.
You are too injured to fight recklessly!
You are too injured to fight recklessly!
You are too injured to fight recklessly!
Unknown command.
The boulder beetle bites you.
* * * LOW HITPOINT WARNING * * *
You climb upwards.
There is a stone staircase leading down here.
You are too injured to fight recklessly!
Reach: a) +4 trident (protect)
Press: ? - help, Dir - move target, f - boulder beetle
Aim: a boulder beetle (lightly wounded, about 8% to evade your +4 trident of protection)
You hit the boulder beetle but do no damage.
The boulder beetle is lightly wounded.
The boulder beetle bites you!
* * * LOW HITPOINT WARNING * * *
Okay, then.
Unknown command.
Unknown command.
Reach: a) +4 trident (protect)
Press: ? - help, Dir - move target, f/p - boulder beetle
Aim: a boulder beetle (lightly wounded, about 8% to evade your +4 trident of protection)
You puncture the boulder beetle!
The boulder beetle is lightly wounded.
Unknown command.
Reach: a) +4 trident (protect)
Press: ? - help, Dir - move target, f/p - boulder beetle
Aim: a boulder beetle (lightly wounded, about 8% to evade your +4 trident of protection)
You hit the boulder beetle but do no damage.
The boulder beetle is lightly wounded.
The boulder beetle bites you!
You die...

...........................#
...........................#
...........................#
....#...#.##.......#.###.#.#
....#............#.......#.#
....#.......#....#.......#.##
....#.......#....#.......#..#
............#..B.#.......#.##
....#...........@#..........#
....#............P.........##
....#....................#.##
≈.P.#.......#............#.P#
≈≈...#+.#.#.#....#'###.###.##
≈≈≈........................##
..P.........................#
...........................P#
.P..........................#


You could see a boulder beetle.

Vanquished Creatures
  4 hydras
  2 two-headed ogres
  2 cyclopes (D:11)
  A black mamba (Lair:1)
  4 cane toads
  A kobold demonologist (D:9)
  3 komodo dragons
  2 polar bears (D:9)
  6 blink frogs
  Sigmund (D:3)
  22 yaks
  2 basilisks
  6 water moccasins
  Duvessa (D:6)
  An orc warrior (D:7)
  A sky beast (D:5)
  2 ogres
  4 black bears
  An ice beast (D:7)
  A necrophage (D:6)
  A hornet zombie (D:6)
  A wolf (D:9)
  3 centaurs
  3 phantoms
  5 kobold brigands
  9 bullfrogs
  Dowan (D:6)
  A water moccasin zombie (D:6)
  6 scorpions
  2 wyvern zombies
  3 water moccasin skeletons
  5 killer bees
  7 wights
  4 howler monkeys
  2 electric eels (D:9)
  3 centaur zombies
  2 centaur skeletons (D:7)
  2 orc priests (D:8)
  3 bullfrog zombies (D:6)
  5 hounds
  A bullfrog skeleton (D:5)
  A gnoll shaman (D:10)
  Natasha (thrice) (D:2)
  An orc wizard (D:7)
  5 iguanas
  A killer bee zombie (D:7)
  3 centaur simulacra (D:9)
  A hound skeleton (D:4)
  A howler monkey zombie (D:6)
  8 adders
  6 gnolls
  A river rat (Lair:1)
  2 shadow imps
  A white imp (D:9)
  7 ufetubi
  A worm (D:2)
  3 dart slugs
  22 orcs
  5 ball pythons
  3 bats (D:1)
  11 endoplasms
  3 giant cockroaches
  16 goblins
  7 hobgoblins
  4 jackals (D:1)
  23 kobolds
  2 quokkas
  2 frilled lizards (D:3)
  8 rats
287 creatures vanquished.

Vanquished Creatures (collateral kills)
  2 blink frogs (Lair:2)
2 creatures vanquished.

Vanquished Creatures (others)
  35 fungi
  39 plants
74 creatures vanquished.

Grand Total: 363 creatures vanquished

Notes
Turn   | Place    | Note
-------+----------+-------------------------------------------
     0 | D:1      | MirrMurr the Gnoll Fighter began the quest for the Orb.
     0 | D:1      | Reached XP level 1. HP: 23/23 MP: 1/1
   264 | D:1      | Reached XP level 2. HP: 17/29 MP: 2/2
   551 | D:1      | Found Bizemp's Weapon Emporium.
   649 | D:1      | Found a faded altar of an unknown god.
   654 | D:1      | Reached XP level 3. HP: 35/35 MP: 3/3
   877 | D:1      | Reached skill level 1 in Invocations
  1368 | D:2      | Reached skill level 1 in Short Blades
  1368 | D:2      | Reached skill level 1 in Long Blades
  1368 | D:2      | Reached skill level 1 in Axes
  1368 | D:2      | Reached skill level 1 in Maces & Flails
  1368 | D:2      | Reached skill level 1 in Staves
  1368 | D:2      | Reached skill level 1 in Slings
  1368 | D:2      | Reached skill level 1 in Bows
  1368 | D:2      | Reached skill level 1 in Crossbows
  1368 | D:2      | Reached skill level 1 in Throwing
  1368 | D:2      | Reached skill level 1 in Dodging
  1368 | D:2      | Reached skill level 1 in Stealth
  1368 | D:2      | Reached skill level 1 in Unarmed Combat
  1368 | D:2      | Reached skill level 1 in Spellcasting
  1368 | D:2      | Reached skill level 1 in Evocations
  1478 | D:2      | Noticed Natasha
  1488 | D:2      | Reached XP level 4. HP: 41/41 MP: 5/5
  1491 | D:2      | Killed Natasha
  1492 | D:2      | Reached skill level 1 in Conjurations
  1492 | D:2      | Reached skill level 1 in Hexes
  1492 | D:2      | Reached skill level 1 in Summonings
  1492 | D:2      | Reached skill level 1 in Necromancy
  1492 | D:2      | Reached skill level 1 in Translocations
  1492 | D:2      | Reached skill level 1 in Transmutations
  1492 | D:2      | Reached skill level 1 in Fire Magic
  1492 | D:2      | Reached skill level 1 in Ice Magic
  1492 | D:2      | Reached skill level 1 in Air Magic
  1492 | D:2      | Reached skill level 1 in Earth Magic
  1492 | D:2      | Reached skill level 1 in Poison Magic
  2052 | D:2      | Noticed Natasha
  2059 | D:2      | Killed Natasha
  2060 | D:2      | Reached XP level 5. HP: 38/47 MP: 5/7
  2345 | D:2      | Noticed Natasha
  2355 | D:2      | Killed Natasha
  2758 | D:3      | Got the Tome of the Entourage
  2774 | D:3      | Found a glowing silver altar of Zin.
  2894 | D:3      | Noticed Sigmund
  2905 | D:3      | Killed Sigmund
  2906 | D:3      | Reached skill level 5 in Polearms
  2906 | D:3      | Reached XP level 6. HP: 9/53 MP: 7/9
  3418 | D:3      | Found a shimmering altar of Xom.
  3486 | D:3      | Found an opulent altar of Gozag.
  3739 | D:3      | Found a snail-covered altar of Cheibriados.
  3781 | D:4      | Identified a scroll of acquirement
  3781 | D:4      | Acquired the ring "Madwiu" {rElec rC+ Str-5 Dex+6}
  3879 | D:4      | Reached XP level 7. HP: 34/59 MP: 10/10
  4296 | D:4      | Found a runed translucent door.
  4297 | D:4      | Noticed fly's ghost (weakling HuDe)
  4633 | D:4      | Found a blossoming altar of Fedhas.
  4713 | D:4      | Found a broken altar of Ashenzari.
  5512 | D:5      | Entered Level 5 of the Dungeon
  5515 | D:5      | Reached XP level 8. HP: 67/67 MP: 12/12
  6065 | D:5      | Found a staircase to the Ecumenical Temple.
  6072 | Temple   | Entered the Ecumenical Temple
  6324 | Temple   | Became a worshipper of Warmaster Okawaru
  6378 | D:5      | Found an ancient bone altar of Kikubaaqudgha.
  6520 | D:5      | Found a radiant altar of Vehumet.
  6974 | D:6      | Reached XP level 9. HP: 56/72 MP: 14/14
  7204 | D:6      | Found a basalt altar of Yredelemnul.
  7514 | D:6      | Found a runed translucent gate.
  7514 | D:6      | Found a runed translucent gate.
  7514 | D:6      | Found a runed translucent gate.
  7518 | D:6      | Noticed mora's ghost (novice OpBr)
  7635 | D:6      | Noticed Duvessa
  7636 | D:6      | Noticed Dowan
  7650 | D:6      | Killed Duvessa
  7670 | D:6      | Killed Dowan
  7886 | D:6      | Reached * piety under Okawaru
  8137 | D:6      | Found Jinunit's Jewellery Shop.
  8741 | D:7      | Reached skill level 5 in Invocations
  8954 | D:7      | Found a bloodstained altar of Trog.
  8969 | D:7      | Reached ** piety under Okawaru
  9365 | D:8      | Found a shadowy altar of Dithmenos.
  9412 | D:8      | Reached XP level 10. HP: 80/80 MP: 17/17
  9828 | D:8      | Found a glowing golden altar of the Shining One.
  9863 | D:8      | Reached skill level 5 in Short Blades
  9863 | D:8      | Reached skill level 5 in Long Blades
  9863 | D:8      | Reached skill level 5 in Axes
  9863 | D:8      | Reached skill level 5 in Maces & Flails
  9863 | D:8      | Reached skill level 5 in Staves
  9863 | D:8      | Reached skill level 5 in Slings
  9863 | D:8      | Reached skill level 5 in Bows
  9863 | D:8      | Reached skill level 5 in Crossbows
  9863 | D:8      | Reached skill level 5 in Throwing
  9863 | D:8      | Reached skill level 5 in Dodging
  9863 | D:8      | Reached skill level 5 in Stealth
  9863 | D:8      | Reached skill level 5 in Unarmed Combat
  9863 | D:8      | Reached skill level 5 in Spellcasting
  9863 | D:8      | Reached skill level 5 in Evocations
 10191 | D:8      | Found a runed translucent door.
 10192 | D:8      | Noticed an ogre mage
 10192 | D:8      | Noticed PentaManta's ghost (novice MfTm)
 10210 | D:8      | Found an ornate altar of the Wu Jian Council.
 10360 | D:9      | Noticed a kobold demonologist
 10400 | D:9      | Noticed an orange demon
 10401 | D:9      | Noticed an orange demon
 10402 | D:9      | Noticed an orange demon
 10424 | D:9      | Killed a kobold demonologist
 10636 | D:9      | Noticed a two-headed ogre
 10647 | D:9      | Killed a two-headed ogre
 10647 | D:9      | Reached *** piety under Okawaru
 11693 | D:9      | Reached **** piety under Okawaru
 11984 | D:10     | Entered Level 10 of the Dungeon
 12104 | D:10     | Reached XP level 11. HP: 87/87 MP: 19/19
 12180 | D:10     | Reached skill level 5 in Conjurations
 12180 | D:10     | Reached skill level 5 in Hexes
 12180 | D:10     | Reached skill level 5 in Summonings
 12180 | D:10     | Reached skill level 5 in Necromancy
 12180 | D:10     | Reached skill level 5 in Translocations
 12180 | D:10     | Reached skill level 5 in Transmutations
 12180 | D:10     | Reached skill level 5 in Fire Magic
 12180 | D:10     | Reached skill level 5 in Ice Magic
 12180 | D:10     | Reached skill level 5 in Air Magic
 12180 | D:10     | Reached skill level 5 in Earth Magic
 12180 | D:10     | Reached skill level 5 in Poison Magic
 12464 | D:10     | Found a staircase to the Lair.
 13419 | D:11     | Noticed a two-headed ogre
 13640 | D:11     | Noticed a cyclops
 13664 | D:11     | Killed a cyclops
 13991 | D:10     | Received a gift from Okawaru
 14078 | D:11     | Killed a two-headed ogre
 14078 | D:11     | Reached ***** piety under Okawaru
 14182 | D:11     | Noticed a four-headed hydra
 14205 | D:11     | Killed a four-headed hydra
 14450 | D:11     | Noticed a five-headed hydra
 14472 | D:11     | Killed a five-headed hydra
 14472 | D:11     | Received a gift from Okawaru
 14545 | D:11     | Noticed a cyclops
 14715 | D:11     | Noticed a four-headed hydra
 14730 | D:11     | Killed a four-headed hydra
 14730 | D:11     | Identified the +0 helmet of Delicate Music {Contam Will++
                  | Int+9} (Okawaru gifted it to you on level 11 of the
                  | Dungeon)
 14730 | D:11     | Received a gift from Okawaru
 14731 | D:11     | Reached XP level 12. HP: 83/96 MP: 20/22
 15521 | Lair:1   | Entered Level 1 of the Lair of Beasts
 15522 | Lair:1   | Upgraded the game from 0.27-a0-1528-g90fbb72469 to
                  | 0.27-a0-1529-g1e82c303ef
 15525 | Lair:1   | Learned a level 2 spell: Blink
 15527 | Lair:1   | Learned a level 1 spell: Animate Skeleton
 16800 | Lair:2   | Noticed a four-headed hydra
 17494 | Lair:2   | Killed a four-headed hydra
 17676 | Lair:2   | Noticed a boulder beetle
 17931 | Lair:1   | Slain by a boulder beetle

Illustrated notes

Levels and vault maps discovered:
D:1:      minmay_arrival_split_and_join, layout_loops_ring,
          dreamdust_ecumenical_altar_angels_and_demons, serial_shops,
          nicolae_diamond_shop, serial_bayou_crossing
D:2:      kennysheep_the_goblin_king, layout_basic, due_unseen_surprise,
          uniq_natasha
D:3:      layout_loops_ring, pdpol_temple_overflow_zin_treasury_gozag_greed,
          cheibriados_altar_1, xom_teletrap_fun, minmay_checkerbox, uniq_sigmund
D:4:      layout_loops_ring, ashenzari_conservatory_becter, fedhas_altar_1,
          ebering_ghost_reflecting_pool, portal_sewer_entry_e, chequers_avenue
D:5:      layout_rooms, mainiacjoe_overflow_paths, kennysheep_mini,
          minmay_temple_entry_enclosed_plants, kennysheep_boxes
D:6:      layout_loops_cross, nicolae_yredelemnul_corpse_copse, serial_shops,
          shop, gammafunk_ghost_split, uniq_duvessa
D:7:      layout_loops_ring, trog_butcher_becter, hex_medium
D:8:      layout_gridville, nicolae_dithmenos_through_a_glass_darkly,
          nicolae_wu_jian_immortal_techniques, general_overflow_altar,
          ebering_ghost_inner_flame
D:9:      layout_roguey, serial_ice, serial_ice_j, serial_ice_g, serial_ice_b,
          serial_ice_c
D:10:     layout_roguey, due_lair_maze_entry_diamond
D:11:     layout_irregular_city
Temple:   jpeg_temple_island
Lair:1:   layout_regular_city, pond
Lair:2:   layout_cave_pods, spider_nest_entry_funnel_web,
          ebering_ghost_disaster_area, lemuel_fruit_tree

Skill      XL: |  1  2  3  4  5  6  7  8  9 10 11 12 |
---------------+-------------------------------------+-----
Invocations    | 1 2 3 4 5 6 7 8 |  8.2
Short Blades   | 1 2 3 4 5 6 7 |  7.4
Long Blades    | 1 2 3 4 5 6 7 |  7.4
Axes           | 1 2 3 4 5 6 7 |  7.4
Maces & Flails | 1 2 3 4 5 6 7 |  7.4
Staves         | 1 2 3 4 5 6 7 |  7.4
Slings         | 1 2 3 4 5 6 7 |  7.4
Bows           | 1 2 3 4 5 6 7 |  7.4
Crossbows      | 1 2 3 4 5 6 7 |  7.4
Throwing       | 1 2 3 4 5 6 7 |  7.4
Dodging        | 1 2 3 4 5 6 7 |  7.4
Stealth        | 1 2 3 4 5 6 7 |  7.4
Unarmed Combat | 1 2 3 4 5 6 7 |  7.4
Spellcasting   | 1 2 3 4 5 6 7 |  7.4
Evocations     | 1 2 3 4 5 6 7 |  7.4
Conjurations   | 1 2 3 4 5 6 |  6.2
Hexes          | 1 2 3 4 5 6 |  6.2
Summonings     | 1 2 3 4 5 6 |  6.2
Necromancy     | 1 2 3 4 5 6 |  6.2
Translocations | 1 2 3 4 5 6 |  6.2
Transmutations | 1 2 3 4 5 6 |  6.2
Fire Magic     | 1 2 3 4 5 6 |  6.2
Ice Magic      | 1 2 3 4 5 6 |  6.2
Air Magic      | 1 2 3 4 5 6 |  6.2
Earth Magic    | 1 2 3 4 5 6 |  6.2
Poison Magic   | 1 2 3 4 5 6 |  6.2
Polearms       | 5 6 7 8 |  8.8
Fighting       | 7 8 9 |  9.9
Armour         | 7 8 9 |  9.9
Shields        | 7 8 9 |  9.9

Action                   |  1- 3 |  4- 6 |  7- 9 | 10-12 || total
-------------------------+-------+-------+-------+-------++-------
Melee: Trident           |   112 |    93 |   388 |   880 ||  1473
       Bite              |     5 |     8 |    46 |   104 ||   163
 Fire: Hunting sling     |       |    85 |   166 |   167 ||   418
Throw: Boomerang         |       |       |       |     4 ||     4
 Cast: Animate Skeleton  |       |       |       |     9 ||     9
Invok: Heroism           |       |       |       |    12 ||    12
  Use: Scroll            |       |     9 |    14 |     9 ||    32
       Potion            |       |       |     1 |     2 ||     3
 Stab: Sleeping          |       |       |     1 |       ||     1
Armor: Ring mail         |    22 |    41 |   104 |       ||   167
       Scale mail        |     1 |       |       |       ||     1
       Chain mail        |       |       |    72 |   437 ||   509
Dodge: Dodged            |    36 |    33 |   127 |   231 ||   427
Block: Kite shield       |    30 |    59 |   223 |   483 ||   795

Table legend: (Time is in decaauts)
 A = Elapsed time spent in this place.
 B = Non-inter-level travel time spent in this place.
 C = Inter-level travel time spent in this place.
 D = Time resting spent in this place.
 E = Time spent auto-exploring this place.
 F = Levels seen in this place.
 G = Mean time per level.
                   A        B        C        D        E       F      G
               +--------+--------+--------+--------+--------+-----+--------+
         Total |  18014 |  16755 |   1259 |    549 |  12991 |  14 | 1286.7 |
       Dungeon |  15306 |  14176 |   1130 |    546 |  10822 |  11 | 1391.5 |
        Temple |    324 |    272 |     52 |      0 |    268 |   1 |  324.0 |
          Lair |   2384 |   2308 |     76 |      2 |   1900 |   2 | 1192.0 |
               +--------+--------+--------+--------+--------+-----+--------+

Top non-repeatable levels by time:
    D:10: 1813 daAuts
     D:4: 1763 daAuts
     D:9: 1644 daAuts
    D:11: 1639 daAuts
  Lair:1: 1569 daAuts
     D:6: 1500 daAuts
     D:3: 1321 daAuts
     D:1: 1311 daAuts
     D:2: 1259 daAuts
     D:5: 1033 daAuts
     D:7: 1017 daAuts
     D:8: 1003 daAuts
  Lair:2: 815 daAuts
  Temple: 324 daAuts
